 Dungeon Crawl Stone Soup version 0.26.1-2-gb8aa6d0 (webtiles) character file.

Game seed: 7394357571254998329

6839 GeorgeSoros the Gusty (level 11, -13/81 HPs)
             Began as a Gnoll Wanderer on Feb 10, 2021.
             Was a Believer of the Shining One.
             Mangled by a death yak (23 damage)
             ... on level 9 of the Dungeon.
             The game lasted 00:47:28 (13254 turns).

GeorgeSoros the Gusty (Gnoll Wanderer)             Turns: 13254, Time: 00:47:28

Health: -13/81     AC: 15    Str: 19    XL:     11   Next: 5%
Magic:  15/20      EV: 14    Int: 19    God:    the Shining One [**....]
Gold:   1485       SH:  0    Dex: 15    Spells: 9/23 levels left

rFire    + . .     SeeInvis +   w - +1 great sword
rCold    + . .     Faith    .   (shield currently unavailable)
rNeg     + . .     Spirit   .   H - +0 swamp dragon scales
rPois    +         Reflect  .   (no helmet)
rElec    .         Harm     .   v - scarf {rC+ rF+}
rCorr    .         Rampage  .   g - +1 pair of gloves
Will     .....                  (no boots)
Stlth    +.........             G - amulet of the acrobat
HPRegen  0.23/turn              c - ring of see invisible
MPRegen  0.17/turn              h - +6 ring of strength

@: icy armour, about to teleport, glowing
A: distributed training, fangs 1, strong nose
a: Renounce Religion, Divine Shield


You were on level 9 of the Dungeon.
You worshipped the Shining One.
The Shining One was pleased with you.
You visited 1 branch of the dungeon, and saw 10 of its levels.

You collected 1485 gold pieces.

Inventory:

Hand Weapons
 w - a +1 great sword (weapon)
Missiles
 l - 2 throwing nets (quivered)
Armour
 g - a +1 pair of gloves (worn)
 v - a scarf of resistance (worn)
 H - +0 swamp dragon scales (worn)
Jewellery
 c - a ring of see invisible (left hand)
 h - a +6 ring of strength (right hand)
 i - an uncursed amulet of faith
 o - an uncursed ring of wizardry
 y - an uncursed ring of stealth
 z - an uncursed ring of positive energy
 G - an amulet of the acrobat (around neck)
 I - a +4 ring of evasion
Wands
 a - a wand of digging (7)
 n - a wand of iceblast (8)
 B - a wand of enslavement (9)
 D - a wand of flame (32)
 F - a wand of disintegration (13)
 J - a wand of paralysis (8)
Scrolls
 e - 5 scrolls of remove curse
 q - 3 scrolls of amnesia
 r - 2 scrolls of enchant armour
 t - 3 scrolls of magic mapping
 u - a scroll of teleportation
 x - a scroll of immolation
Potions
 b - 3 potions of flight
 d - 2 potions of attraction
 f - a potion of resistance
 j - a potion of heal wounds {unknown}
 k - 2 potions of haste
 m - a potion of brilliance {unknown}
 p - 2 potions of cancellation
 C - a potion of curing
 K - 2 potions of mutation


   Skills:
 + Level 5.9 Fighting
 + Level 5.9 Short Blades
 + Level 5.9 Long Blades
 + Level 5.9 Axes
 + Level 5.9 Maces & Flails
 + Level 5.9 Polearms
 + Level 5.9 Staves
 + Level 5.9 Slings
 + Level 5.9 Bows
 + Level 5.9 Crossbows
 + Level 5.9 Throwing
 + Level 5.9 Armour
 + Level 5.9 Dodging
 + Level 7.3 Stealth
 + Level 5.9 Shields
 + Level 5.9 Unarmed Combat
 + Level 6.6 Spellcasting
 + Level 4.8 Conjurations
 + Level 4.8 Hexes
 + Level 4.8 Summonings
 + Level 4.8 Necromancy
 + Level 4.8 Translocations
 + Level 6.2 Transmutations
 + Level 4.8 Fire Magic
 + Level 6.2 Ice Magic
 + Level 7.4 Air Magic
 + Level 4.8 Earth Magic
 + Level 4.8 Poison Magic
 + Level 6.4 Invocations
 + Level 5.9 Evocations


You had 9 spell levels left.
You knew the following spells:

 Your Spells              Type           Power        Failure   Level
a - Freeze                Ice            100%         1%          1
b - Magic Dart            Conj           96%          2%          1
c - Ozocubu's Armour      Ice            30%          3%          3
d - Mephitic Cloud        Conj/Pois/Air  28%          4%          3
e - Conjure Flame         Conj/Fire      24%          7%          3
f - Gell's Gravitas       Tloc           12%          7%          3

Your spell library contained the following spells:

 Spells                   Type           Power        Failure   Level
 Blink                    Tloc           N/A          3%          2
 Call Imp                 Summ           24%          3%          2
 Slow                     Hex            24%          3%          2
 Confusing Touch          Hex            24%          7%          3
 Petrify                  Tmut/Erth      27%          17%         4
 Metabolic Englaciation   Hex/Ice        13%          43%         5
 Yara's Violent Unravell  Hex/Tmut       13%          43%         5


Dungeon Overview and Level Annotations

Branches:
Dungeon (10/15)            Temple (0/1) D:7            Lair (0/6) D:10
    Orc: D:9-12

Altars:
Makhleb
Trog
Xom
The Shining One

Annotations:
D:8 5 transporters


Innate Abilities, Weirdness & Mutations

Your experience applies equally to all skills.
You have very sharp teeth.
Your uncanny sense of smell can sniff out nearby items.


Message History

You bite the death yak, but do no damage.
The death yak is heavily wounded.
The death yak is engulfed in noxious fumes.
You hit the death yak.
You bite the death yak, but do no damage.
The death yak is heavily wounded.
The death yak seems less confused.
The death yak gores you!!
* * * LOW HITPOINT WARNING * * *
The death yak completely misses you.
You riposte.
You hit the death yak but do no damage.
You bite the death yak, but do no damage.
The death yak is heavily wounded.
As you read the scroll of fear, it crumbles to dust.
You assume a fearsome visage.
The death yak resists with almost no effort.
The death yak gores you! The Shining One protects you from harm!
As you read the scroll of teleportation, it crumbles to dust.
You feel strangely unstable. The death yak gores you!!
You die...

######## ##......## #####
##........####...##
#..........##.....##
#>.........#.......#
#..........#.......#
#.....Y....#.......#
#......@...##.....##
##..<.....##.......# ##
#.[........#.......# ##.
##########..........#.......###..
...##...##.................###...
................[.....#...## #...
.........................#####...
...................#.##..........
.....[....#.......#..###.#####...


You could see a death yak.

Vanquished Creatures
  A death yak (D:9)
  Joseph (D:8)
  Maggie (D:8)
  A hornet (D:6)
  Prince Ribbit (D:8)
  A wraith (D:9)
  11 yaks
  3 sky beasts
  2 black bears
  An orc warrior (D:5)
  3 ice beasts
  3 phantoms
  5 ogres
  A centaur (D:7)
  5 bullfrogs
  A big kobold (D:10)
  A wyvern zombie (D:9)
  4 scorpions
  5 killer bees (D:8)
  3 howler monkeys
  A crimson imp (D:7)
  A centaur zombie (D:5)
  3 hounds
  A quasit (D:7)
  2 bullfrog skeletons
  2 orc priests
  2 jellies
  7 orc wizards
  A centaur skeleton (D:4)
  A hell rat (D:10)
  An iguana (D:7)
  6 worker ants
  A hound skeleton (D:4)
  A howler monkey zombie (D:5)
  9 adders
  A river rat (D:10)
  2 shadow imps (D:6)
  4 white imps
  2 ufetubi
  4 worms
  A dart slug (D:1)
  5 leopard geckos
  17 orcs
  10 giant cockroaches
  9 hobgoblins
  7 jackals
  7 kobolds
  9 quokkas
  2 ball pythons (D:2)
  10 bats
  4 frilled lizards
  5 goblins
  A jackal skeleton (D:5)
  A leopard gecko skeleton (D:6)
  12 rats
206 creatures vanquished.

Vanquished Creatures (others)
  A wizard (D:6)
  9 fungi (D:5)
  3 toadstools (D:5)
13 creatures vanquished.

Grand Total: 219 creatures vanquished

Notes
Turn   | Place    | Note
-------+----------+-------------------------------------------
     0 | D:1      | GeorgeSoros the Gnoll Wanderer began the quest for the Orb.
     0 | D:1      | GeorgeSoros set off with the following items: a +0 dagger,
                  | a potion of curing, a +0 robe; and the following spells
                  | available to memorise: Freeze, Ozocubu's Armour, Magic
                  | Dart, Mephitic Cloud, Blink, Call Imp, Slow, Conjure Flame
     0 | D:1      | Reached XP level 1. HP: 13/13 MP: 4/4
     2 | D:1      | Learned a level 1 spell: Freeze
   274 | D:1      | Reached XP level 2. HP: 19/19 MP: 5/5
  1156 | D:1      | Reached XP level 3. HP: 25/25 MP: 2/7
  1407 | D:2      | Learned a level 1 spell: Magic Dart
  1422 | D:2      | Reached skill level 1 in Invocations
  1646 | D:2      | Reached skill level 1 in Fighting
  1646 | D:2      | Reached skill level 1 in Short Blades
  1646 | D:2      | Reached skill level 1 in Long Blades
  1646 | D:2      | Reached skill level 1 in Axes
  1646 | D:2      | Reached skill level 1 in Maces & Flails
  1646 | D:2      | Reached skill level 1 in Polearms
  1646 | D:2      | Reached skill level 1 in Staves
  1646 | D:2      | Reached skill level 1 in Slings
  1646 | D:2      | Reached skill level 1 in Bows
  1646 | D:2      | Reached skill level 1 in Crossbows
  1646 | D:2      | Reached skill level 1 in Throwing
  1646 | D:2      | Reached skill level 1 in Armour
  1646 | D:2      | Reached skill level 1 in Dodging
  1646 | D:2      | Reached skill level 1 in Shields
  1646 | D:2      | Reached skill level 1 in Unarmed Combat
  1646 | D:2      | Reached skill level 1 in Evocations
  1646 | D:2      | Reached XP level 4. HP: 31/32 MP: 3/8
  1707 | D:2      | Found a faded altar of an unknown god.
  1725 | D:2      | Became a worshipper of the Shining One
  1725 | D:2      | Reached * piety under the Shining One
  2140 | D:2      | Reached skill level 1 in Conjurations
  2140 | D:2      | Reached skill level 1 in Hexes
  2140 | D:2      | Reached skill level 1 in Summonings
  2140 | D:2      | Reached skill level 1 in Necromancy
  2140 | D:2      | Reached skill level 1 in Translocations
  2140 | D:2      | Reached skill level 1 in Fire Magic
  2140 | D:2      | Reached skill level 1 in Earth Magic
  2140 | D:2      | Reached skill level 1 in Poison Magic
  2993 | D:3      | Reached XP level 5. HP: 37/37 MP: 9/9
  3005 | D:3      | Learned a level 3 spell: Ozocubu's Armour
  3333 | D:3      | Found a shimmering altar of Xom.
  3924 | D:4      | Reached XP level 6. HP: 35/44 MP: 3/11
  4502 | D:4      | Reached XP level 7. HP: 41/50 MP: 12/12
  5177 | D:5      | Entered Level 5 of the Dungeon
  5746 | D:5      | Reached skill level 5 in Stealth
  6042 | D:5      | Reached ** piety under the Shining One
  6049 | D:5      | Reached XP level 8. HP: 57/57 MP: 2/14
  7480 | D:6      | Learned a level 3 spell: Mephitic Cloud
  8133 | D:6      | Noticed a hornet
  8137 | D:6      | Killed a hornet
  8206 | D:6      | Reached skill level 5 in Transmutations
  8206 | D:6      | Reached skill level 5 in Ice Magic
  8206 | D:6      | Reached XP level 9. HP: 47/65 MP: 9/16
  8352 | D:6      | Found a bloodstained altar of Trog.
  8354 | D:6      | Noticed a wizard
  8359 | D:6      | Killed a wizard
  8715 | D:7      | Found a staircase to the Ecumenical Temple.
  8761 | D:7      | Learned a level 3 spell: Conjure Flame
  8765 | D:7      | Learned a level 3 spell: Gell's Gravitas
  8820 | D:7      | Reached skill level 5 in Spellcasting
  9734 | D:7      | Found a burning altar of Makhleb.
 10375 | D:8      | Noticed Maggie
 10382 | D:8      | Killed Maggie
 10383 | D:8      | Reached skill level 5 in Invocations
 10586 | D:8      | Found a transporter.
 10586 | D:8      | Noticed a two-headed ogre
 10586 | D:8      | Reached *** piety under the Shining One
 10587 | D:8      | Noticed a troll
 10588 | D:8      | Found a transporter.
 10589 | D:8      | Noticed a centaur warrior
 10591 | D:8      | Noticed a centaur warrior
 10625 | D:8      | Found a transporter.
 10625 | D:8      | Found a transporter.
 10647 | D:8      | Found a transporter.
 10651 | D:8      | Noticed a troll
 10667 | D:8      | Noticed Joseph
 10680 | D:8      | Killed Joseph
 10681 | D:8      | Reached XP level 10. HP: 63/73 MP: 6/18
 10796 | D:8      | Noticed Prince Ribbit
 10802 | D:8      | Killed Prince Ribbit
 11209 | D:8      | Reached skill level 5 in Fighting
 11209 | D:8      | Reached skill level 5 in Short Blades
 11209 | D:8      | Reached skill level 5 in Long Blades
 11209 | D:8      | Reached skill level 5 in Axes
 11209 | D:8      | Reached skill level 5 in Maces & Flails
 11209 | D:8      | Reached skill level 5 in Polearms
 11209 | D:8      | Reached skill level 5 in Staves
 11209 | D:8      | Reached skill level 5 in Slings
 11209 | D:8      | Reached skill level 5 in Bows
 11209 | D:8      | Reached skill level 5 in Crossbows
 11209 | D:8      | Reached skill level 5 in Throwing
 11209 | D:8      | Reached skill level 5 in Armour
 11209 | D:8      | Reached skill level 5 in Dodging
 11209 | D:8      | Reached skill level 5 in Shields
 11209 | D:8      | Reached skill level 5 in Unarmed Combat
 11209 | D:8      | Reached skill level 5 in Evocations
 11519 | D:9      | Identified a scroll of acquirement
 11519 | D:9      | Acquired 801 gold pieces
 12660 | D:10     | Entered Level 10 of the Dungeon
 12660 | D:10     | Found a staircase to the Lair.
 12660 | D:10     | Noticed a death yak
 12660 | D:10     | Noticed a death yak
 12662 | D:10     | Noticed a death yak
 12680 | D:9      | Killed a death yak
 12681 | D:9      | Reached XP level 11. HP: 69/81 MP: 13/20
 13253 | D:9      | The Shining One protects you from harm!
 13254 | D:9      | Mangled by a death yak

Illustrated notes

Levels and vault maps discovered:
D:1:      nicolae_arrival_washed_ashore, layout_basic, chequers_garden,
          serial_bayou_pond_e
D:2:      layout_basic, chequers_ecumenical_altar_island,
          hangedman_decor_slide_cut
D:3:      layout_rooms, minmay_misc_feat_roman, xom_teletrap_fun
D:4:      layout_basic, gup_sewer_entry_spiral, kennysheep_generic_room_5
D:5:      layout_layer_cave, minmay_gold_behind_fungi, st_stairs_14
D:6:      layout_basic, trog_wizard
D:7:      layout_loops_corners, makhleb_grotto_becter,
          minmay_temple_entry_water_ring
D:8:      gammafunk_the_bubble [the_bubble_gammafunk_roulette], layout_basic,
          grunt_ministairs_3, uniq_joseph, uniq_maggie, uniq_prince_ribbit1
D:9:      layout_rooms
D:10:     layout_layer_cave, dpeg_lair_monsters

Skill      XL: |  1  2  3  4  5  6  7  8  9 10 |
---------------+-------------------------------+-----
Invocations    | 1 2 3 4 5 6 |  6.4
Fighting       | 1 2 3 4 5 |  5.9
Short Blades   | 1 2 3 4 5 |  5.9
Long Blades    | 1 2 3 4 5 |  5.9
Axes           | 1 2 3 4 5 |  5.9
Maces & Flails | 1 2 3 4 5 |  5.9
Polearms       | 1 2 3 4 5 |  5.9
Staves         | 1 2 3 4 5 |  5.9
Slings         | 1 2 3 4 5 |  5.9
Bows           | 1 2 3 4 5 |  5.9
Crossbows      | 1 2 3 4 5 |  5.9
Throwing       | 1 2 3 4 5 |  5.9
Armour         | 1 2 3 4 5 |  5.9
Dodging        | 1 2 3 4 5 |  5.9
Shields        | 1 2 3 4 5 |  5.9
Unarmed Combat | 1 2 3 4 5 |  5.9
Evocations     | 1 2 3 4 5 |  5.9
Spellcasting   | 3 4 5 6 |  6.6
Conjurations   | 1 2 3 4 |  4.8
Hexes          | 1 2 3 4 |  4.8
Summonings     | 1 2 3 4 |  4.8
Necromancy     | 1 2 3 4 |  4.8
Translocations | 1 2 3 4 |  4.8
Fire Magic     | 1 2 3 4 |  4.8
Earth Magic    | 1 2 3 4 |  4.8
Poison Magic   | 1 2 3 4 |  4.8
Transmutations | 4 5 6 |  6.2
Ice Magic      | 4 5 6 |  6.2
Stealth        | 5 6 7 |  7.3
Air Magic      | 6 7 |  7.4

Action                   |  1- 3 |  4- 6 |  7- 9 | 10-12 || total
-------------------------+-------+-------+-------+-------++-------
Melee: Dagger            |    50 |    86 |       |       ||   136
       Bite              |     3 |    21 |    26 |    25 ||    75
       Punch             |       |     1 |       |       ||     1
       Whip              |       |    48 |    24 |       ||    72
       Great sword       |       |       |   169 |   131 ||   300
 Cast: Freeze            |    22 |    59 |    29 |       ||   110
       Magic Dart        |     4 |    12 |    62 |    18 ||    96
       Ozocubu's Armour  |       |       |    17 |    10 ||    27
       Mephitic Cloud    |       |       |     2 |     6 ||     8
       Conjure Flame     |       |       |    12 |     5 ||    17
       Gell's Gravitas   |       |       |     6 |     9 ||    15
Invok: Divine Shield     |       |       |     3 |       ||     3
Evoke: Wand              |       |       |     6 |     3 ||     9
  Use: Scroll            |     2 |     9 |     5 |     7 ||    23
       Potion            |     1 |     1 |       |       ||     2
 Stab: Sleeping          |    10 |     1 |       |       ||    11
Armor: Robe              |    19 |    30 |    69 |       ||   118
       Swamp dragon scal |       |       |     3 |    44 ||    47
Dodge: Dodged            |    43 |   103 |   161 |   103 ||   410
Block: Other             |       |       |     7 |       ||     7
       Rpst.: Great sword |       |       |    31 |    31 ||    62
